[Event "Team 45 45 League T62"]
[Site "Internet Chess Club"]
[Date "2014.09.14"]
[Round "3"]
[White "DouDou"]
[Black "lacibacsi"]
[Result "0-1"]
[WhiteElo "1847"]
[BlackElo "1987"]
[Opening "Sicilian: Sveshnikov variation"]
[ECO "B33"]
[Time "14:00:16"]
[TimeControl "2700+45"]

1. e4 c5 2. Nf3 Nc6 3. d4 cxd4 4. Nxd4 Nf6 5. Nc3 e5 6. Ndb5 d6 7. Bg5 a6 8. Na3
b5 9. Bxf6 gxf6 10. Nd5 f5 11. Bd3 Be6 12. c3 Bg7 13. O-O O-O 14. Nc2 fxe4 15.
Bxe4 f5 16. Bf3 e4 17. Nf4 Bf7 18. Bh5 Be5 19. Bxf7+ Rxf7 20. Nd5 Qh4 21. h3 Rg7
22. Kh1 f4 23. f3 Rxg2 24. Kxg2 Qg3+ 25. Kh1 Qxh3+ 26. Kg1 Qg3+ 27. Kh1 Qh3+ 28.
Kg1 Kh8 29. Kf2 Rg8 30. Ke1 Rg2 31. Rf2 Qg3 32. Qe2 Rg1+ 33. Kd2 e3+ 34. Ndxe3
fxe3+ 35. Kxe3 Qf4+ 36. Kd3 Qc4+ 37. Kd2 Bf4+ 38. Ne3 Qxe2+ 39. Kxe2 Rxa1 40. a3
Bxe3 41. Kxe3 Re1+ 42. Kd2 Re6 43. b3 Kg7 44. c4 Na5 45. Kc2 bxc4 46. bxc4 Nxc4
47. Kb3 Ne5 48. f4 Rf6 49. Rg2+ Ng6 {White resigns} 0-1

[Event "Team 45 45 League T62"]
[Site "Internet Chess Club"]
[Date "2014.09.13"]
[Round "3"]
[White "Tobiasdelmonte"]
[Black "hood"]
[Result "0-1"]
[WhiteElo "1798"]
[BlackElo "1934"]
[Opening "King's Indian: London system"]
[ECO "A48"]
[Time "15:04:28"]
[TimeControl "2700+45"]

1. d4 Nf6 2. Nf3 g6 3. Bf4 Bg7 4. e3 O-O 5. Be2 c5 6. c3 b6 7. O-O Bb7 8. Nbd2
d6 9. Qb3 Nh5 10. Bg5 Nd7 11. Rfd1 h6 12. Bh4 g5 13. Ne1 Ndf6 14. Bg3 Nxg3 15.
hxg3 Qc7 16. Rac1 Rad8 17. a4 Ba8 18. Nc4 d5 19. Ne5 c4 20. Qa3 Ne4 21. N1f3 Kh7
22. a5 b5 23. Qb4 a6 24. Ra1 f6 25. Ng4 e6 26. Nd2 Nxd2 27. Rxd2 Rf7 28. Qa3 Bf8
29. Qa2 Bd6 30. Qb1+ Kg7 31. Nh2 f5 32. Bh5 Rf6 33. f4 g4 34. Qd1 Bc6 35. b3
cxb3 36. Qxb3 Be8 37. Bxe8 Rxe8 38. Kf2 Rc8 39. Rd3 Qc4 40. Qd1 Bf8 41. Nf1 Qc6
42. Nd2 Rf7 43. Qb3 Rfc7 44. Rh1 Qd7 45. Rh5 Qf7 46. Rh4 Rc6 47. Nb1 Qc7 48. Rd1
Qxa5 49. Rdh1 Kh7 50. Qd1 b4 51. cxb4 Qxb4 52. Re1 Rc1 53. Qd2 R1c2 {White
resigns} 0-1

[Event "Team 45 45 League T62"]
[Site "Internet Chess Club"]
[Date "2014.09.13"]
[Round "3"]
[White "joebobpop"]
[Black "FourKnights"]
[Result "1/2-1/2"]
[WhiteElo "1932"]
[BlackElo "1744"]
[Opening "Sicilian: Scheveningen (Paulsen), classical variation"]
[ECO "B84"]
[Time "15:06:43"]
[TimeControl "2700+45"]

1. e4 c5 2. Nf3 d6 3. d4 cxd4 4. Nxd4 Nf6 5. Nc3 a6 6. Be2 e6 7. Be3 Be7 8. O-O
O-O 9. f3 Nc6 10. Qd2 Nxd4 11. Qxd4 b5 12. a3 Bb7 13. Rad1 Qc7 14. Qd2 Rfd8 15.
Qe1 d5 16. exd5 Nxd5 17. Nxd5 Rxd5 18. Rxd5 Bxd5 19. Bd3 Bc4 20. Bxc4 Qxc4 21.
Qf2 Rc8 22. c3 Bc5 23. Bxc5 Qxc5 24. Rd1 g6 25. Qxc5 Rxc5 26. Rd8+ Kg7 27. Kf2
a5 28. Ke3 Kf6 29. Kd4 Rc4+ 30. Kd3 Rc5 31. Ra8 a4 32. Ra5 Rd5+ 33. Ke3 Re5+ 34.
Kd3 Rd5+ 35. Kc2 Re5 36. Kd3 Rd5+ {Game drawn by repetition} 1/2-1/2

[Event "Team 45 45 League T62"]
[Site "Internet Chess Club"]
[Date "2014.09.14"]
[Round "3"]
[White "fkramer"]
[Black "bobhill"]
[Result "1-0"]
[WhiteElo "1849"]
[BlackElo "1908"]
[Opening "Queen's pawn game"]
[ECO "D00"]
[Time "16:03:09"]
[TimeControl "2700+45"]

1. d4 d5 2. c3 Nf6 3. Nf3 g6 4. Bf4 Bg7 5. h3 O-O 6. e3 c5 7. Be2 Nc6 8. O-O Qb6
9. Qb3 c4 10. Qxb6 axb6 11. Na3 Bf5 12. Nd2 Nd7 13. Bf3 Bd3 14. Rfe1 Nf6 15. Nb5
Ra5 16. a4 Rc8 17. b4 cxb3 18. Nxb3 Rxb5 19. axb5 Bxb5 20. Rec1 Ne4 21. Bxe4
dxe4 22. Nd2 Na5 23. Rab1 Ba6 24. Rxb6 f5 25. c4 Bf6 26. c5 Kf7 27. Bh6 e6 28.
Ra1 Nc6 29. Raxa6 bxa6 30. Rxa6 Nb4 31. Ra7+ Kg8 32. Nc4 Nd3 33. Nd6 Rb8 34. Kh2
Nxf2 35. c6 Ng4+ 36. hxg4 fxg4 37. c7 g3+ 38. Kxg3 {Black resigns} 1-0

[Event "Team 45 45 League T62"]
[Site "Internet Chess Club"]
[Date "2014.09.14"]
[Round "3"]
[White "WillC"]
[Black "freakypawn"]
[Result "0-1"]
[WhiteElo "1722"]
[BlackElo "1755"]
[Opening "Réti opening"]
[ECO "A04"]
[Time "18:33:56"]
[TimeControl "2700+45"]

1. Nf3 e6 2. b3 d5 3. Bb2 c5 4. e3 Nf6 5. Be2 Bd6 6. O-O Qc7 7. d4 Nbd7 8. c4 b6
9. Nbd2 Bb7 10. Rc1 O-O 11. h3 Rac8 12. cxd5 exd5 13. Bb5 a6 14. Bd3 Ne4 15.
dxc5 bxc5 16. Bxe4 dxe4 17. Ne1 Ne5 18. Nc4 Nxc4 19. Rxc4 a5 20. f4 Ba6 21. Rxe4
Bxf1 22. Kxf1 Rfd8 23. Qg4 Bf8 24. f5 Qd7 25. Qg3 Qxf5+ 26. Rf4 Qg6 27. Rg4 Qf5+
28. Rf4 Qe6 29. Nf3 Qxe3 {White resigns} 0-1

[Event "Team 45 45 League T62"]
[Site "Internet Chess Club"]
[Date "2014.09.15"]
[Round "3"]
[White "chessfish1"]
[Black "misuc56"]
[Result "1-0"]
[WhiteElo "1875"]
[BlackElo "1782"]
[Opening "Sicilian: Canal-Sokolsky (Nimzovich-Rossolimo, Moscow) attack"]
[ECO "B51"]
[Time "16:00:29"]
[TimeControl "2700+45"]

1. e4 c5 2. Nf3 d6 3. Bb5+ Nc6 4. O-O g6 5. d4 cxd4 6. Qxd4 f6 7. Be3 Bd7 8. Qd2
a6 9. Bc4 b5 10. Bb3 Na5 11. Nc3 Rb8 12. Nd5 Nc4 13. Bxc4 bxc4 14. b3 cxb3 15.
axb3 Bb5 16. c4 Bc6 17. Rxa6 Bxd5 18. exd5 Rxb3 19. Nd4 Rb7 20. Nc6 Qc8 21. Rfa1
Kf7 22. h3 Rb1+ 23. Rxb1 Qxa6 24. Nd8+ Ke8 25. Rb8 Bg7 26. Bd4 Qxc4 27. Nb7+ Kf7
28. Nxd6+ exd6 29. Qe3 Qc1+ 30. Qxc1 Ne7 31. Rxh8 Bxh8 32. Qc7 Bg7 33. Qxd6 g5
34. Qe6+ Kf8 35. Bc5 {Black resigns} 1-0

[Event "Team 45 45 League T62"]
[Site "Internet Chess Club"]
[Date "2014.09.11"]
[Round "3"]
[White "Beetlejuice"]
[Black "OzymandiasVII"]
[Result "1/2-1/2"]
[WhiteElo "1797"]
[BlackElo "1804"]
[Opening "QGD: exchange, positional line"]
[ECO "D35"]
[Time "14:01:44"]
[TimeControl "2700+45"]

1. d4 Nf6 2. c4 e6 3. Nc3 d5 4. cxd5 exd5 5. Bg5 Be7 6. e3 c6 7. Bd3 h6 8. Bxf6
Bxf6 9. Nge2 O-O 10. O-O Nd7 11. Rc1 Nb6 12. Ng3 Be7 13. Kh1 Bd6 14. Nf5 Bxf5
15. Bxf5 Qh4 16. g3 Qg5 17. Bb1 Nc4 18. Re1 g6 19. Qc2 Rfe8 20. Kg1 Kg7 21. e4
Nd2 22. Qd3 Nc4 23. Rc2 Bb4 24. Rce2 Bxc3 25. Qxc3 Rad8 {Game drawn by mutual
agreement} 1/2-1/2

[Event "Team 45 45 League T62"]
[Site "Internet Chess Club"]
[Date "2014.09.14"]
[Round "3"]
[White "LiangLiang"]
[Black "infiniteshug"]
[Result "0-1"]
[WhiteElo "1887"]
[BlackElo "2163"]
[Opening "Caro-Kann: Steinitz variation"]
[ECO "B17"]
[Time "16:30:30"]
[TimeControl "2700+45"]

1. e4 c6 2. d4 d5 3. Nc3 dxe4 4. Nxe4 Nd7 5. Nf3 Ngf6 6. Nxf6+ Nxf6 7. Bd3 Bg4
8. c3 e6 9. h3 Bxf3 10. Qxf3 Be7 11. Bd2 O-O 12. O-O Qb6 13. b3 Rfd8 14. Rfd1
Rd7 15. Bg5 Rad8 16. c4 Qa5 17. Bd2 Qh5 18. Qxh5 Nxh5 19. Be3 Bf6 20. Be2 g6 21.
Bxh5 gxh5 22. Rac1 Bxd4 23. Rxd4 Rxd4 24. Bxd4 Rxd4 25. Rc2 Rd1+ 26. Kh2 h4 27.
Re2 c5 28. f3 b6 29. g3 hxg3+ 30. Kxg3 Kg7 31. Kf4 Kf6 32. Rb2 Rd4+ 33. Kg3 e5
34. Re2 Ke6 35. Rb2 f5 36. Re2 Kf6 37. Rf2 h5 38. Re2 h4+ 39. Kf2 Rd3 40. Kg2
Rd4 41. Kf2 e4 42. fxe4 fxe4 43. Ke3 Ke5 {White resigns} 0-1

[Event "Team 45 45 League T62"]
[Site "Internet Chess Club"]
[Date "2014.09.14"]
[Round "3"]
[White "seikster"]
[Black "DouDou"]
[Result "0-1"]
[WhiteElo "1764"]
[BlackElo "1858"]
[Opening "Scotch: Schmidt variation"]
[ECO "C45"]
[Time "11:34:54"]
[TimeControl "2700+45"]

1. e4 e5 2. Nf3 Nc6 3. d4 exd4 4. Nxd4 Nf6 5. Nxc6 bxc6 6. Bd3 d5 7. e5 Ng4 8.
O-O Bc5 9. Bf4 O-O 10. h3 Bxf2+ 11. Rxf2 Nxf2 12. Kxf2 Qh4+ 13. g3 Qxh3 14. Qf3
Bf5 15. Nd2 Bxd3 16. Rh1 Be2 17. Rxh3 Bxf3 18. Kxf3 Rab8 19. Nb3 c5 20. Bc1 c4
21. Nc5 Rb5 22. Na4 f6 23. exf6 Rxf6+ 24. Kg2 Ra5 25. b3 cxb3 26. cxb3 Rc6 27.
Bf4 Rc2+ 28. Kg1 Rxa2 29. Rh2 Rxh2 30. Kxh2 c5 31. Bc7 Rb5 32. Nc3 Rxb3 33. Nxd5
c4 34. Ba5 Rb5 35. Ne7+ Kf7 36. Nc6 Rc5 37. Nd8+ Kg6 38. Bc3 Rb5 39. Nc6 Rb3 40.
Be5 c3 41. Bxc3 Rxc3 42. Nxa7 Rc5 43. Kg2 Kf5 44. Kf3 h5 45. Kg2 Kg4 46. Kf2 Rc3
47. Nb5 Rxg3 48. Nd4 h4 {White resigns} 0-1

[Event "Team 45 45 League T62"]
[Site "Internet Chess Club"]
[Date "2014.09.21"]
[Round "3"]
[White "gyu123987kool"]
[Black "RobertStephen"]
[Result "0-1"]
[WhiteElo "1605"]
[BlackElo "1935"]
[Opening "Sicilian: accelerated fianchetto, modern variation"]
[ECO "B34"]
[Time "13:00:34"]
[TimeControl "2700+45"]

1. e4 c5 2. Nf3 Nc6 3. d4 cxd4 4. Nxd4 g6 5. Nc3 Bg7 6. Be3 Nf6 7. f3 O-O 8. Qd2
d5 9. exd5 Nxd5 10. Nxd5 Qxd5 11. Nxc6 bxc6 12. Qxd5 cxd5 13. O-O-O e6 14. Bb5
Rb8 15. Ba4 Bxb2+ 16. Kd2 f6 17. c3 Rf7 18. Bc5 e5 19. Rb1 Bf5 20. Rbd1 Rc8 21.
Bb4 a5 {White resigns} 0-1

[Event "Team 45 45 League T62"]
[Site "Internet Chess Club"]
[Date "2014.09.11"]
[Round "3"]
[White "f5"]
[Black "xwang1"]
[Result "1-0"]
[WhiteElo "2102"]
[BlackElo "2020"]
[Opening "King's Indian: Four pawns attack"]
[ECO "A68"]
[Time "22:17:38"]
[TimeControl "2700+45"]

1. d4 Nf6 2. c4 g6 3. Nc3 Bg7 4. e4 d6 5. f4 O-O 6. Nf3 c5 7. d5 e6 8. Be2 exd5
9. cxd5 Bg4 10. O-O Re8 11. h3 Bxf3 12. Bxf3 Nbd7 13. Qc2 a6 14. a4 Rb8 15. a5
b5 16. axb6 Qxb6 17. Kh1 h5 18. Qa4 Ra8 19. Ra3 Qb4 20. Qc2 c4 21. Ra4 Qc5 22.
Nd1 Rec8 23. Be3 Qb5 24. Nc3 Qb3 25. Qe2 a5 26. Rfa1 Rab8 27. R1a2 Ne8 28. Rxa5
Bxc3 29. R5a3 Qxb2 30. Rxb2 Rxb2 31. Rxc3 Rxe2 32. Bxe2 Nef6 33. Bf3 Re8 34.
Rxc4 Nxd5 35. Bd2 N5f6 36. Bb4 Nc5 37. e5 Nfd7 38. Bc6 Nb6 39. Bxe8 Nxc4 40. Bb5
Nd3 41. exd6 Nxf4 42. Bxc4 Ne6 43. Bxe6 fxe6 44. d7 {Black resigns} 1-0

[Event "Team 45 45 League T62"]
[Site "Internet Chess Club"]
[Date "2014.09.14"]
[Round "3"]
[White "jjimalo"]
[Black "primerpaso"]
[Result "1/2-1/2"]
[WhiteElo "1908"]
[BlackElo "1968"]
[Opening "Nimzo-Indian: classical, 4...c5"]
[ECO "E38"]
[Time "11:00:24"]
[TimeControl "2700+45"]

1. d4 Nf6 2. c4 e6 3. Nc3 Bb4 4. Qc2 c5 5. Nf3 O-O 6. a3 Bxc3+ 7. Qxc3 cxd4 8.
Nxd4 Nc6 9. f3 Nxd4 10. Qxd4 d5 11. Bg5 dxc4 12. Qxc4 Qd5 13. Qxd5 Nxd5 14. e4
Nb6 15. Bb5 Bd7 16. Bxd7 Nxd7 17. O-O f6 18. Be3 Kf7 19. Rfd1 Ke7 20. Rac1 Rfc8
21. f4 b6 22. b4 Kd8 23. Kf2 Rxc1 24. Rxc1 Rc8 25. Rxc8+ Kxc8 26. Ke2 Kb7 {Game
drawn by mutual agreement} 1/2-1/2

[Event "Team 45 45 League T62"]
[Site "Internet Chess Club"]
[Date "2014.09.13"]
[Round "3"]
[White "santiagoelawad"]
[Black "laurenpar"]
[Result "1-0"]
[WhiteElo "1999"]
[BlackElo "1936"]
[Opening "Dutch: Ilyin-Genevsky variation with b3"]
[ECO "A99"]
[Time "07:01:19"]
[TimeControl "2700+45"]

1. c4 f5 2. g3 Nf6 3. Nf3 e6 4. b3 Be7 5. Bg2 O-O 6. O-O d6 7. d4 Qe8 8. Nc3
Nbd7 9. Ng5 Bd8 10. d5 Nc5 11. Nxe6 Nxe6 12. dxe6 Qxe6 13. Bb2 c6 14. e3 Bd7 15.
Qd3 Bc7 16. Ne2 Ng4 17. Rad1 Rad8 18. Qd4 Qh6 19. h3 Nxe3 20. Qxe3 g5 21. f4
Rfe8 22. Qd3 d5 23. fxg5 Qxg5 24. Nf4 Bb6+ 25. Bd4 c5 26. Bxd5+ Kf8 27. Bb2 Bc7
28. Qf3 h5 29. h4 {Black resigns} 1-0

[Event "Team 45 45 League T62"]
[Site "Internet Chess Club"]
[Date "2014.09.17"]
[Round "3"]
[White "Epcot"]
[Black "xwang1"]
[Result "1-0"]
[WhiteElo "2118"]
[BlackElo "2008"]
[Opening "King's Indian: fianchetto with ...Nc6"]
[ECO "E62"]
[Time "22:07:21"]
[TimeControl "2700+45"]

1. d4 Nf6 2. c4 g6 3. g3 Bg7 4. Bg2 d6 5. Nc3 O-O 6. Nf3 Nc6 7. O-O Rb8 8. h3 a6
9. e4 b5 10. cxb5 axb5 11. Re1 b4 12. Nd5 Nd7 13. Bg5 h6 14. Rc1 hxg5 15. Rxc6
e6 16. Nxc7 Bb7 17. Rc1 Rc8 18. Nb5 Rxc1 19. Qxc1 Qb6 20. Bf1 Rc8 21. Qd2 Ra8
22. b3 Bf8 23. Nxg5 Bc6 24. Qf4 f6 25. Nxe6 Bxb5 26. Bxb5 Qxb5 27. Nc7 Qb7 28.
Nxa8 Qxa8 29. Qg4 Qe8 30. Rc1 Bg7 31. Rc7 Nf8 32. Rc8 Qe7 33. Qxg6 Qa7 34. Qf5
Qxa2 35. Qd5+ Kh7 36. Rc7 Qe2 37. Rb7 Kh8 38. Kg2 Bh6 39. Qf5 {Black resigns}
1-0

[Event "Team 45 45 League T62"]
[Site "Internet Chess Club"]
[Date "2014.09.15"]
[Round "3"]
[White "gump12345"]
[Black "MeWantCookie"]
[Result "1/2-1/2"]
[WhiteElo "2027"]
[BlackElo "2066"]
[Opening "Sicilian: accelerated fianchetto, Maróczy bind"]
[ECO "B36"]
[Time "19:12:54"]
[TimeControl "2700+45"]

1. e4 c5 2. Nf3 g6 3. d4 cxd4 4. Nxd4 Nc6 5. c4 Nf6 6. Nc3 d6 7. Be3 Ng4 8. Nxc6
Nxe3 9. Nxd8 Nxd1 10. Rxd1 Kxd8 11. c5 Be6 12. cxd6 exd6 13. Be2 Ke7 14. O-O Bg7
15. Nd5+ Bxd5 16. Rxd5 Rac8 17. Rfd1 Rc2 18. Bf1 Rd8 19. R5d2 Rxd2 20. Rxd2 Rc8
21. f3 Rc5 22. g3 f5 23. exf5 Rxf5 24. Kg2 Rc5 25. f4 Rc1 26. b3 Rb1 27. Bc4 Rb2
28. Rxb2 {Game drawn by mutual agreement} 1/2-1/2

[Event "Team 45 45 League T62"]
[Site "Internet Chess Club"]
[Date "2014.09.12"]
[Round "3"]
[White "f5"]
[Black "Happybear"]
[Result "1-0"]
[WhiteElo "2108"]
[BlackElo "1847"]
[Opening "Queen's gambit declined"]
[ECO "D30"]
[Time "16:00:57"]
[TimeControl "2700+45"]

1. d4 d5 2. c4 e6 3. Nf3 Nf6 4. e3 Bd6 5. Nc3 c6 6. Qc2 O-O 7. Bd3 Nbd7 8. O-O
b6 9. e4 dxc4 10. Bxc4 e5 11. Bg5 exd4 12. Nxd4 Bxh2+ 13. Kh1 Ne5 14. Be2 Qxd4
15. Bxf6 Qd6 16. Bg5 Ng6 17. Qd2 Qxd2 18. Bxd2 Bf4 19. Rad1 Be6 20. g3 Bxd2 21.
Rxd2 Rfd8 22. Rfd1 Rxd2 23. Rxd2 Ne7 24. Kg2 b5 25. a3 a5 26. f4 b4 27. Na4 f5
28. Nc5 Kf7 29. Nxe6 Kxe6 30. Bc4+ Kf6 31. Rd6# {Black checkmated} 1-0

[Event "Team 45 45 League T62"]
[Site "Internet Chess Club"]
[Date "2014.09.12"]
[Round "3"]
[White "charles-allen"]
[Black "ANGELLR"]
[Result "1-0"]
[WhiteElo "1894"]
[BlackElo "1976"]
[Opening "French: Fort Knox variation"]
[ECO "C03"]
[Time "21:59:14"]
[TimeControl "2700+45"]

1. e4 e6 2. d4 d5 3. Nd2 dxe4 4. Nxe4 Bd7 5. Nf3 Bc6 6. Bd3 Nd7 7. O-O Ngf6 8.
Neg5 Bd6 9. Re1 O-O 10. Ne5 Nb8 11. Qe2 Bd7 12. Bd2 h6 13. Ne4 Bxe5 14. dxe5 Nd5
15. Bxh6 Qh4 16. Bg5 Qh8 17. Qg4 Nc6 18. Bf6 Nxe5 19. Bxe5 f5 20. Qg6 fxe4 21.
Rxe4 Rf5 22. Rh4 {Black resigns} 1-0

[Event "Team 45 45 League T62"]
[Site "Internet Chess Club"]
[Date "2014.09.12"]
[Round "3"]
[White "Enzo25"]
[Black "Barrett-CCSCSL"]
[Result "1-0"]
[WhiteElo "2125"]
[BlackElo "2121"]
[Opening "Caro-Kann: Steinitz variation"]
[ECO "B17"]
[Time "08:31:02"]
[TimeControl "2700+45"]

1. e4 c6 2. d4 d5 3. Nc3 dxe4 4. Nxe4 Nd7 5. Ng5 Ngf6 6. Bd3 h6 7. Ne6 Qb6 8.
Nxf8 Nxf8 9. Nf3 Bg4 10. c3 N8d7 11. h3 Bxf3 12. Qxf3 O-O 13. O-O e5 14. Qg3 e4
15. Bc2 Kh8 16. f3 Rae8 17. fxe4 Nxe4 18. Qh4 Ndf6 19. Bxh6 c5 20. Bg5+ Nh7 21.
Bxe4 Rxe4 22. Qxe4 Nxg5 23. Qe7 Ne6 24. d5 {Black resigns} 1-0

[Event "Team 45 45 League T62"]
[Site "Internet Chess Club"]
[Date "2014.09.12"]
[Round "3"]
[White "Pomberito"]
[Black "seikster"]
[Result "1/2-1/2"]
[WhiteElo "2104"]
[BlackElo "1777"]
[Opening "French: Rubinstein variation"]
[ECO "C03"]
[Time "16:30:28"]
[TimeControl "2700+45"]

1. e4 e6 2. d4 d5 3. Nd2 dxe4 4. Nxe4 Nd7 5. Nf3 Ngf6 6. Bg5 Be7 7. Bxf6 Nxf6 8.
Nxf6+ Bxf6 9. c3 O-O 10. Bd3 c5 11. dxc5 Qa5 12. Qc2 g6 13. b4 Qa3 14. Rc1 a5
15. O-O axb4 16. cxb4 Qxb4 17. Rfd1 Rd8 18. Nd2 Bd7 19. Ne4 Be5 20. Qe2 Ba4 21.
Re1 Bc6 22. Bc4 Rd4 23. Nd6 Bxd6 24. cxd6 Qxd6 25. Rcd1 Rd8 26. Rxd4 Qxd4 27.
Bb3 Qf4 28. Rd1 Rxd1+ 29. Qxd1 Qg5 30. f3 h5 31. Kf2 Qc5+ 32. Kg3 Qe5+ 33. Kh3
Kg7 34. Qd2 Qf5+ 35. Kg3 Qe5+ 36. Kh3 g5 37. Bd1 h4 38. Bc2 Qf6 39. Qd3 Qf4 40.
a3 f5 41. Bd1 Qe5 42. Qd2 Qf6 43. a4 Kg6 44. a5 e5 45. Qc3 e4 46. Qxf6+ Kxf6 47.
fxe4 Bxe4 48. g3 hxg3 49. Kxg3 Ke5 50. Be2 Kd4 51. a6 bxa6 52. Bxa6 Ke3 53. Bc8
Bd3 54. Bxf5 Bxf5 55. h4 gxh4+ 56. Kxh4 {Game drawn because neither player has
mating material} 1/2-1/2

[Event "Team 45 45 League T62"]
[Site "Internet Chess Club"]
[Date "2014.09.16"]
[Round "3"]
[White "SlimeDog2"]
[Black "BigH"]
[Result "1-0"]
[WhiteElo "2051"]
[BlackElo "1994"]
[Opening "King's Indian, 3.Nf3"]
[ECO "E60"]
[Time "02:17:04"]
[TimeControl "2700+45"]

1. d4 Nf6 2. c4 g6 3. Nf3 Bg7 4. g3 c6 5. Bg2 d5 6. Qb3 dxc4 7. Qxc4 Be6 8. Qc2
Bf5 9. Qa4 Nbd7 10. O-O O-O 11. Nc3 Nb6 12. Qb3 Ne4 13. Rd1 Qc8 14. a4 Rd8 15.
a5 Nd5 16. Nh4 Ndf6 17. Nxf5 Qxf5 18. Nxe4 Nxe4 19. Be3 Bxd4 20. Rxd4 Rxd4 21.
Bxd4 Rd8 22. Qe3 {Black resigns} 1-0

[Event "Team 45 45 League T62"]
[Site "Internet Chess Club"]
[Date "2014.09.12"]
[Round "3"]
[White "PoisonPawn"]
[Black "Shanghaied"]
[Result "0-1"]
[WhiteElo "2090"]
[BlackElo "1876"]
[Opening "Sicilian: dragon, Yugoslav attack"]
[ECO "B75"]
[Time "20:14:44"]
[TimeControl "2700+45"]

1. e4 c5 2. Nf3 d6 3. d4 cxd4 4. Nxd4 Nf6 5. Nc3 g6 6. Be3 Bg7 7. f3 a6 8. Qd2
Nbd7 9. Bc4 h6 10. O-O-O b5 11. Bb3 Bb7 12. Rhe1 Rc8 13. g4 Nc5 14. h4 Nxb3+ 15.
axb3 h5 16. gxh5 Rxh5 17. Bg5 Qc7 18. Qg2 Kf8 19. f4 e6 20. Ndxb5 axb5 21. Nxb5
Qa5 22. Nxd6 Rd8 23. c3 Rxd6 24. Rxd6 Qa1+ 25. Kc2 Qxe1 26. Rd4 Bxe4+ {White
resigns} 0-1

[Event "Team 45 45 League T62"]
[Site "Internet Chess Club"]
[Date "2014.09.14"]
[Round "3"]
[White "Baseta"]
[Black "smyslovVchess"]
[Result "1-0"]
[WhiteElo "1850"]
[BlackElo "1812"]
[Opening "King's Indian: 3.g3"]
[ECO "E60"]
[Time "17:06:49"]
[TimeControl "2700+45"]

1. d4 Nf6 2. c4 g6 3. g3 Bg7 4. Bg2 c6 5. Nc3 d5 6. cxd5 cxd5 7. Qb3 e6 8. Nf3
Nc6 9. O-O O-O 10. h3 b6 11. Be3 Na5 12. Qc2 Ba6 13. Ne5 Rc8 14. Qd2 Nc4 15.
Nxc4 Rxc4 16. Bg5 Qd7 17. Rfd1 Ne8 18. Be3 Nd6 19. b3 Rc6 20. Bf4 Nf5 21. e3
Rfc8 22. Rac1 f6 23. g4 Nh4 24. Bh1 g5 25. Bg3 Ng6 26. e4 Ne7 27. exd5 exd5 28.
Re1 Re6 29. Rxe6 Qxe6 30. Re1 Qd6 {Black resigns} 1-0

[Event "Team 45 45 League T62"]
[Site "Internet Chess Club"]
[Date "2014.09.13"]
[Round "3"]
[White "kllrchris"]
[Black "frank001"]
[Result "1-0"]
[WhiteElo "1745"]
[BlackElo "1743"]
[Opening "Petrov: Nimzovich attack"]
[ECO "C42"]
[Time "22:01:07"]
[TimeControl "2700+45"]

1. e4 e5 2. Nf3 Nf6 3. Nxe5 d6 4. Nf3 Nxe4 5. Nc3 Nxc3 6. dxc3 Be7 7. Be3 Nc6 8.
Qd2 Be6 9. h3 h6 10. Bb5 a6 11. Be2 Qd7 12. O-O-O O-O-O 13. Kb1 Kb8 14. Rhe1 Bf6
15. Nd4 Nxd4 16. Bxd4 Bxd4 17. cxd4 Rhe8 18. Bf3 Qa4 19. b3 Qb5 20. g4 a5 21. d5
Bd7 22. Rxe8 Rxe8 23. Re1 a4 24. Rxe8+ Bxe8 25. c4 Qd7 26. Kb2 b6 27. Qd4 f6 28.
Be4 axb3 29. axb3 Kb7 30. Kc3 Qe7 31. b4 h5 32. f4 Bd7 33. c5 bxc5 34. bxc5 dxc5
35. d6+ Kc8 36. dxe7 cxd4+ 37. Kxd4 hxg4 38. Bf5 {Black resigns} 1-0

[Event "Team 45 45 League T62"]
[Site "Internet Chess Club"]
[Date "2014.09.10"]
[Round "3"]
[White "olivermx"]
[Black "Jyzzslynggur"]
[Result "1/2-1/2"]
[WhiteElo "1401"]
[BlackElo "1720"]
[Opening "French: advance, Paulsen attack"]
[ECO "C02"]
[Time "23:01:45"]
[TimeControl "2700+45"]

1. e4 d5 2. e5 e6 3. d4 c5 4. c3 Nc6 5. Nf3 Qb6 6. b3 Nge7 7. Be3 Nf5 8. Be2 Bd7
9. O-O cxd4 10. cxd4 Nxe3 11. fxe3 Nb4 12. Nbd2 Rc8 13. Rc1 Rxc1 14. Qxc1 Nxa2
15. Qb2 Nb4 16. e4 Be7 17. exd5 Nxd5 18. Nc4 Qb4 19. Rc1 O-O 20. Ncd2 Rc8 21.
Bc4 Bc6 22. Bxd5 Bxd5 23. Rxc8+ Bf8 24. Ng5 Bxb3 25. Ngf3 a5 26. Nxb3 a4 27. Rc3
axb3 28. Rxb3 Qa4 29. Rxb7 Qd1+ 30. Kf2 h6 31. Rb8 Qa4 32. Qb7 Qc2+ 33. Kg3 Qg6+
34. Kf2 Qc2+ 35. Kg3 Qg6+ 36. Kf2 Qc2+ {Game drawn by repetition} 1/2-1/2

[Event "Team 45 45 League T62"]
[Site "Internet Chess Club"]
[Date "2014.09.14"]
[Round "3"]
[White "BrianWood"]
[Black "Andressa"]
[Result "1/2-1/2"]
[WhiteElo "1488"]
[BlackElo "1479"]
[Opening "Réti: King's Indian attack (Barcza system)"]
[ECO "A07"]
[Time "17:00:38"]
[TimeControl "2700+45"]

1. Nf3 d5 2. g3 Nf6 3. Bg2 Nc6 4. O-O e5 5. d3 Bc5 6. Bg5 O-O 7. Nbd2 h6 8. Bxf6
Qxf6 9. e4 d4 10. c3 Bg4 11. h3 Bxf3 12. Nxf3 Rad8 13. Qc2 a6 14. c4 Nb4 15. Qd1
b5 16. a3 Nc6 17. b4 Be7 18. cxb5 axb5 19. Nd2 Na7 20. Nb3 Qe6 21. f4 exf4 22.
Rxf4 Bg5 23. Nc5 Qe7 24. Rf5 g6 25. Rd5 Rxd5 26. exd5 Qe3+ 27. Kh2 Nc8 28. Qf3
{Game drawn by mutual agreement} 1/2-1/2

[Event "Team 45 45 League T62"]
[Site "Internet Chess Club"]
[Date "2014.09.13"]
[Round "3"]
[White "zap2"]
[Black "JustinL"]
[Result "0-1"]
[WhiteElo "1791"]
[BlackElo "1994"]
[Opening "Réti: King's Indian attack"]
[ECO "A05"]
[Time "12:09:02"]
[TimeControl "2700+45"]

1. Nf3 Nf6 2. g3 g6 3. Bg2 Bg7 4. d3 d6 5. O-O O-O 6. Nbd2 Nc6 7. e4 e5 8. c3 d5
9. Re1 Re8 10. Nh4 h6 11. Nf1 Be6 12. h3 Qd7 13. Kh2 Rad8 14. Qe2 b5 15. Nd2 d4
16. Bf1 g5 17. Nhf3 g4 18. Nh4 gxh3 19. f4 Ng4+ 20. Kxh3 Ne3+ 21. f5 Nc2 22.
fxe6 Qxe6+ 23. Nf5 Nxa1 24. Nf3 Ne7 25. Nh4 Nxf5 26. Nxf5 Kh7 27. Kh2 Qxa2 28.
Qg4 Rg8 29. Qh5 Qe6 30. Nxh6 Bxh6 31. Bh3 Qd6 32. Bf5+ Kg7 33. cxd4 Rh8 34. Qg4+
Kf8 35. Kg2 Nc2 36. Rh1 Nxd4 37. Bc8 Ne6 38. Bxh6+ Rxh6 39. Rxh6 Qxd3 40. Bxe6
Qd2+ 41. Kf3 Rd3# {White checkmated} 0-1

[Event "Team 45 45 League T62"]
[Site "Internet Chess Club"]
[Date "2014.09.14"]
[Round "3"]
[White "kidcobra"]
[Black "Salvatore"]
[Result "1/2-1/2"]
[WhiteElo "1814"]
[BlackElo "1650"]
[Opening "Sicilian: Hungarian variation"]
[ECO "B34"]
[Time "17:07:27"]
[TimeControl "2700+45"]

1. e4 c5 2. Nf3 g6 3. d4 cxd4 4. Nxd4 Nc6 5. Be3 Bg7 6. Nxc6 bxc6 7. c3 Nf6 8.
Bd3 O-O 9. O-O d6 10. h3 a5 11. f4 e6 12. g4 d5 13. Bc5 Re8 14. e5 Nd7 15. Ba3
c5 16. Bb5 Qb6 17. Qa4 Rd8 18. Nd2 c4+ 19. Kh2 Nc5 20. Bxc5 Qxc5 21. Nf3 Rb8 22.
Nd4 Bb7 {Game drawn by mutual agreement} 1/2-1/2

[Event "Team 45 45 League T62"]
[Site "Internet Chess Club"]
[Date "2014.09.13"]
[Round "3"]
[White "kutch"]
[Black "Bible-Believer"]
[Result "0-1"]
[WhiteElo "1454"]
[BlackElo "1522"]
[Opening "Queen's gambit accepted"]
[ECO "D20"]
[Time "10:00:41"]
[TimeControl "2700+45"]

1. d4 d5 2. c4 dxc4 3. e3 e5 4. dxe5 Qxd1+ 5. Kxd1 Nc6 6. f4 Bg4+ 7. Kc2 f6 8.
exf6 Nxf6 9. Bxc4 O-O-O 10. Nc3 Bf5+ 11. Kb3 Na5+ {White resigns} 0-1